Map: Tokamak LE

Players

ShoWTimE - Winner!

  • Race: Protoss Protoss
  • League: Grandmaster
  • Spawn Location: 1:00

Jumy (ForJumy)

  • Race: Protoss Protoss
  • League: Grandmaster
  • Spawn Location: 7:00

Event: HomeStory Cup XXVII

VOD

Have the link to the VOD?

Description

Time

  • Played on: June 27, 2025, 12:42 p.m.
  • Length: 5:58

All games in this series

Show
View Real Time Build Order
Export as new Build Order

ShoWTimE Protoss - Winner!

Build Orders: Oracle Opening, Blink Stalkers 

Get SALT Encoding   

  12  0:00  Probe  
  13  0:12  Probe  
  14  0:19  Pylon  
  14  0:24  Probe  
  15  0:33  Probe  
  15  0:38  Gateway  
  15  0:41  Probe  
  16  0:46  Assimilator  
  17  0:51  Probe  
  17  0:54  Assimilator  
  18  1:00  Probe  
  19  1:07  Gateway  
  19  1:08  Probe  
  19  1:18  Probe  
  20  1:24  Cybernetics Core  
  21  1:30  Probe  
  22  1:37  Pylon  
  22  1:42  Probe  
  23  2:00  Stargate  
  23  2:01  Adept  
  23  2:02  Adept  
  23  2:06  Probe  
  28  2:11  Warp Gate  
  28  2:30  Pylon  
  28  2:35  Stalker  
  28  2:38  Oracle  
  32  2:59  Nexus  
  32  3:18  Probe  
  32  3:19  Pylon  
  31  3:30  Probe  
  32  3:39  Twilight Council  
  32  3:42  Probe  
  33  3:49  Shield Battery x2  
  33  3:54  Probe  
  34  3:56  Blink  
  34  3:57  Shield Battery  
  34  4:05  Stalker x2  
  34  4:06  Probe  
  39  4:11  Probe  
  40  4:18  Probe  
  42  4:26  Shield Battery  
  42  4:29  Stalker  
  42  4:30  Sentry  
  45  4:39  Probe x2  
  47  4:52  Stalker  
  49  4:56  Shield Battery  
  49  4:58  Stalker  
  47  5:04  Shield Battery  
  47  5:05  Gateway  
  47  5:15  Stalker  
  44  5:21  Stalker  
  44  5:26  Probe  
  44  5:27  Probe  
  45  5:38  Probe  
  45  5:40  Stalker  
  45  5:41  Shield Battery  
  46  5:43  Probe  
  46  5:47  Stalker  
Show
View Real Time Build Order
Export as new Build Order

Jumy Protoss 

Build Orders: Phoenix Opening 

Get SALT Encoding   

  12  0:00  Probe  
  13  0:12  Probe  
  14  0:17  Pylon  
  14  0:24  Probe  
  15  0:32  Probe  
  15  0:35  Gateway  
  15  0:40  Probe  
  16  0:47  Assimilator  
  17  0:51  Probe  
  17  0:55  Assimilator  
  18  0:59  Probe  
  19  1:07  Gateway, Probe  
  19  1:17  Probe  
  20  1:23  Cybernetics Core  
  21  1:29  Probe  
  22  1:33  Pylon  
  22  1:41  Probe  
  23  1:53  Probe  
  24  1:58  Stalker x2  
  28  2:03  Warp Gate  
  28  2:05  Probe  
  29  2:13  Pylon  
  29  2:19  Probe  
  30  2:23  Pylon  
  30  2:34  Robotics Facility  
  30  2:41  Stargate  
  30  2:43  Adept x2  
  35  2:44  Probe  
  35  2:49  Pylon  
  35  2:57  Probe  
  36  3:00  Shield Battery  
  35  3:10  Probe  
  31  3:22  Phoenix, Probe  
  30  3:34  Gateway  
  30  3:40  Probe  
  31  3:45  Phoenix  
  31  3:53  Sentry  
  33  4:04  Gateway  
  33  4:08  Sentry  
  35  4:10  Probe  
  36  4:21  Stalker  
  38  4:30  Stalker  
  40  4:38  Stalker  
  42  4:45  Pylon  
  40  4:55  Stalker  
  40  5:04  Stalker  
  42  5:16  Stalker  
  42  5:20  Stalker  
  42  5:21  Sentry  
  40  5:29  Stalker  
  34  5:44  Stalker  
Tags
 
Add a new tag
Caveats
  • Supply blocks, unpowered buildings, or Contaminate may cause inaccurate times.
  • Supply counts are checked every 10 seconds.